 Dungeon Crawl Stone Soup version 0.28-a0-938-gbc3f381ebc (webtiles) character file.

Game seed: 17191879475213707676

44599 Peloso the Tortoise (level 13, 0/123 HPs)
             Began as a Minotaur Fighter on Nov 28, 2021.
             Was a High Priest of Okawaru.
             Slain by an orc sorcerer (4 damage)
             ... on level 2 of the Orcish Mines.
             The game lasted 00:47:32 (25724 turns).

Peloso the Tortoise (Minotaur Fighter)             Turns: 25724, Time: 00:47:34

Health: 0/123      AC:  4    Str: 32    XL:     13   Next: 97%
Magic:  12/12      EV: 10    Int:  5    God:    Okawaru [*****.]
Gold:   1654       SH:  7    Dex: 12    Spells: 12/12 levels left

rFire   + . .      SeeInvis +   a - +3 scimitar
rCold   . . .      Faith    +   c - +0 buckler
rNeg    + + +      Spirit   .   w - +5 plate armour of Bufuosom {-Cast -Tele rN+++ SInv}
rPois   .          Reflect  .   Y - +1 hat {Stlth+}
rElec   .          Harm     .   t - +0 cloak
rCorr   +          Rampage  .   f - +0 pair of gloves
Will    .....      NoTele   +   V - +0 pair of boots {Fly}
Stlth   .......... NoCast   +   m - amulet of faith
HPRegen 0.30/turn               j - +6 ring of strength
MPRegen 0.13/turn               T - ring "Deqelap" {rF+ rCorr Str+2}

@: corroded, flying
A: horns 2, retaliatory headbutt
a: Renounce Religion, Heroism, Finesse, Duel


You were on level 2 of the Orcish Mines.
You worshipped Okawaru.
Okawaru was extremely pleased with you.
You visited 4 branches of the dungeon, and saw 19 of its levels.
You also visited: Bailey.

You collected 1759 gold pieces.
You spent 105 gold pieces at shops.

Inventory:

Hand Weapons
 a - a +3 scimitar (weapon)
 b - a +2 dagger of flaming
Armour
 c - a +0 buckler (worn)
 e - a +1 chain mail of cold resistance
 f - a +0 pair of gloves (worn)
 t - a +0 cloak (worn)
 w - the +5 plate armour of Bufuosom (worn) {-Cast -Tele rN+++ SInv}
   (You found it on level 6 of the Dungeon)

   rN:        It renders you almost immune to negative energy.
   SInv:      It lets you see invisible.
   -Cast:     It prevents spellcasting.
   -Tele:     It prevents most forms of teleportation.
 V - a +0 pair of boots of flying (worn)
 Y - a +1 hat of stealth (worn)
Jewellery
 j - a +6 ring of strength (left hand)
 m - an amulet of faith (around neck)
 s - a ring of willpower
 R - a ring of protection from fire
 T - the ring "Deqelap" (right hand) {rF+ rCorr Str+2}
   (You found it on level 5 of the Lair of Beasts)

   [ring of resist corrosion]

   Str:       It affects your strength (+2).
   rF:        It protects you from fire.
   rCorr:     It protects you from acid and corrosion.
Scrolls
 i - 2 scrolls of teleportation
 u - 4 scrolls of immolation
 z - a scroll of identify
 A - 2 scrolls of magic mapping
 G - 2 scrolls of blinking
 I - 2 scrolls of acquirement
Potions
 d - 2 potions of might
 g - 6 potions of flight
 n - 2 potions of heal wounds
 o - 3 potions of haste
 F - a potion of berserk rage {unknown}
 H - a potion of cancellation {unknown}
 Q - 2 potions of lignification {unknown}
 S - a potion of magic {unknown}


   Skills:
 + Level 13.6 Fighting
 + Level 15.9 Long Blades
 + Level 3.9 Maces & Flails
 + Level 16.0 Armour
 + Level 4.8 Dodging
 + Level 1.7 Stealth
 + Level 11.7 Shields
 + Level 1.0 Invocations
 + Level 2.1 Evocations


You had 12 spell levels left.
You didn't know any spells.
Your spell library contained the following spells:

 Spells                   Type           Power      Damage    Failure   Level
 Magic Dart               Conj           0%         1d3       94%         1
 Sublimation of Blood     Necr           0%         N/A       98%         2
 Wereblood                Tmut           0%         N/A       98%         2
 Dazzling Flash           Conj/Hex       0%         N/A       100%        3
 Gell's Gravitas          Tloc           0%         N/A       100%        3
 Ignite Poison            Fire/Tmut/Pois 0%         N/A       100%        3
 Inner Flame              Hex/Fire       0%         N/A       100%        3
 Lesser Beckoning         Tloc           0%         N/A       100%        3
 Mephitic Cloud           Conj/Pois/Air  0%         N/A       100%        3
 Portal Projectile        Hex/Tloc       0%         N/A       100%        3
 Teleport Other           Tloc           0%         N/A       100%        3
 Cause Fear               Hex            0%         N/A       100%        4
 Iskenderun's Mystic Bla  Conj/Tloc      0%         2d3       100%        4
 Leda's Liquefaction      Hex/Erth       0%         N/A       100%        4
 Agony                    Necr           0%         N/A       100%        5
 Blade Hands              Tmut           0%         N/A       100%        5
 Excruciating Wounds      Necr           0%         N/A       100%        5
 Freezing Cloud           Conj/Ice/Air   0%         6-21      100%        5
 Silence                  Hex/Air        0%         N/A       100%        5
 Dispersal                Tloc           0%         N/A       100%        6
 Starburst                Conj/Fire      0%         6d3       100%        6
 Discord                  Hex            0%         N/A       100%        8
 Disjunction              Tloc           0%         N/A       100%        8
 Call Imp                 Summ           Unusable   N/A       N/A         2
 Call Canine Familiar     Summ           Unusable   N/A       N/A         3
 Summon Hydra             Summ           Unusable   N/A       N/A         7

Dungeon Overview and Level Annotations

Branches:
Dungeon (11/15)            Temple (1/1) D:7            Lair (5/6) D:9
 Shoals (0/4) Lair:3       Spider (0/4) Lair:3        Slime (0/5) Lair:5
    Orc (2/2) D:10            Elf (0/3) Orc:2        Bailey (visited)

Altars:
Cheibriados
Dithmenos
Elyvilon
Fedhas
Gozag
Hepliaklqana
Kikubaaqudgha
Makhleb
Nemelex Xobeh
Okawaru
Qazlal
Ru
Sif Muna
Trog
Uskayaw
Vehumet
Wu Jian
Xom
Yredelemnul
Zin
The Shining One

Shops:
D:4 *   D:9 (

Annotations:
D:8 3 runed translucent doors
D:11 Soldi


Innate Abilities, Weirdness & Mutations

You have a pair of horns on your head.
You reflexively headbutt those who attack you in melee.


Message History

The orc sorcerer points at you and mumbles some strange words.
You suddenly lose the ability to move!
The rust devil disappears in a puff of smoke!
The orc sorcerer's eyes start to glow.
The orc sorcerer hits you with a +1 dagger of venom.
* * * LOW HITPOINT WARNING * * *
The orc sorcerer hits you but does no damage.
You are poisoned.
You feel sick.
The orc sorcerer gestures wildly while chanting.
You feel sick.
The orc sorcerer hits you with a +1 dagger of venom.
* * * LOW HITPOINT WARNING * * *
The ice devil hits you but does no damage.
You feel sick.
The orc wizard mumbles some strange words.
The orc wizard flickers and vanishes for a moment.
The orc sorcerer hits you but does no damage.
You are more poisoned.
The ice devil hits you but does no damage.
You feel sick.
The orc sorcerer points at you and mumbles some strange words.
You resist with some effort. The ice devil barely misses you.
You can move again.
You hit the orc sorcerer but do no damage.
Your headbutt misses the orc sorcerer.
The orc sorcerer is severely wounded.
You feel sick. You block the orc wizard's attack.
The orc sorcerer hits you with a +1 dagger of venom.
* * * LOW HITPOINT WARNING * * *
You are lethally poisoned!
Unknown command.
Unknown command.
You feel better. The ice devil hits you.
* * * LOW HITPOINT WARNING * * *
The ice devil freezes you!
* * * LOW HITPOINT WARNING * * *
The orc wizard barely misses you.
The orc sorcerer hits you with a +1 dagger of venom.
You die...

#.####..##.## ##.#
.....#........# ##...
..............# #....
..............######...#
.............)##.##....#
.............)))).##....
........<..)..##).#.....
.........)[)####...#....
.......@..))## #...#....
......o4o....# ##.......
......#.....## ##......
......##))..# ##.....
..#.<........# ##..#..
.....4......## #......
..o........... #..##..
##...######....# .......
..o. #.... .......


You could see an ice devil (summoned), 2 orc sorcerers and an orc wizard
(invisible).

Vanquished Creatures
  6 hydras
  3 two-headed ogres
  An orc high priest (Orc:2)
  The ghost of StikS32 the Basher, a novice MiFi of Cheibriados (D:7)
  2 orc sorcerers
  3 orc knights
  A manticore (D:6)
  3 cyclopes (D:11)
  A merfolk siren (Lair:3)
  7 elephants
  2 black mambas (Lair:2)
  10 cane toads
  2 kobold demonologists (Bailey)
  A rime drake (Lair:4)
  14 komodo dragons
  3 merfolk (Lair:3)
  2 trolls
  8 blink frogs
  12 dream sheep
  2 redbacks (Lair:3)
  Sigmund (D:4)
  3 shadows
  A wraith (D:9)
  43 yaks
  A human (D:3)
  3 fire bats (Lair:1)
  2 wyverns
  6 vampire mosquitoes
  2 steam dragons
  4 water moccasins
  A warg (Orc:2)
  An acid dragon (D:11)
  26 orc warriors
  5 black bears
  An ice beast (D:7)
  An ogre (Orc:1)
  16 wolves
  4 centaurs
  2 phantoms
  2 kobold brigands
  A scorpion (D:4)
  11 bullfrogs
  A wyvern skeleton (D:7)
  28 killer bees
  7 electric eels
  8 wights
  3 howler monkeys (D:11)
  The ghost of mrflibble the Skirmisher, a weakling GrBe of Trog (D:3)
  4 centaur zombies
  4 bullfrog zombies
  3 hounds
  2 bullfrog skeletons (D:5)
  3 centaur skeletons
  A gnoll shaman (D:5)
  Crazy Yiuf (D:2)
  3 iguanas
  12 orc priests
  A human skeleton (D:3)
  Terence (D:2)
  6 hell rats (Lair:5)
  20 orc wizards
  3 killer bee zombies
  Robin (D:2)
  18 gnolls
  6 adders
  An ufetubus (D:7)
  A worm (D:2)
  7 dart slugs
  52 orcs
  7 ball pythons
  10 endoplasms
  3 giant cockroaches
  33 goblins
  20 hobgoblins
  3 quokkas
  5 bats
  A frilled lizard (D:3)
  A jackal zombie (D:3)
  13 kobolds
  4 rats
  A spectral kobold (D:8)
520 creatures vanquished.

Vanquished Creatures (others)
  An orc (Bailey)
  21 fungi
  24 plants
46 creatures vanquished.

Grand Total: 566 creatures vanquished

Notes
Turn   | Place    | Note
-------+----------+-------------------------------------------
     0 | D:1      | Peloso the Minotaur Fighter began the quest for the Orb.
     0 | D:1      | Reached XP level 1. HP: 19/19 MP: 0/0
    44 | D:1      | Reached XP level 2. HP: 27/27 MP: 1/1
   341 | D:1      | Reached skill level 4 in Armour
   465 | D:1      | Reached XP level 3. HP: 28/33 MP: 2/2
   909 | D:2      | Found an ancient bone altar of Kikubaaqudgha.
  1105 | D:2      | Noticed Robin
  1112 | D:2      | Reached XP level 4. HP: 38/41 MP: 3/3
  1113 | D:2      | Reached skill level 1 in Dodging
  1120 | D:2      | Killed Robin
  1228 | D:2      | Found a runed translucent door.
  1229 | D:2      | Noticed Crazy Yiuf
  1325 | D:2      | Noticed Terence
  1332 | D:2      | Killed Terence
  1498 | D:2      | Found a faded altar of an unknown god.
  1617 | D:2      | Reached XP level 5. HP: 43/47 MP: 4/4
  2047 | D:3      | Found a runed translucent door.
  2047 | D:3      | Noticed a human
  2075 | D:3      | Found a basalt altar of Yredelemnul.
  2191 | D:3      | Reached skill level 5 in Long Blades
  2471 | D:3      | Found a transporter.
  2502 | D:3      | Found a transporter.
  2518 | D:3      | Noticed mrflibble's ghost (weakling GrBe)
  2520 | D:3      | Noticed a phantom
  2889 | D:4      | Got Qetyheeg's Volume of the Dislocated Oath
  2909 | D:4      | Reached XP level 6. HP: 46/55 MP: 5/5
  3023 | D:4      | Reached skill level 5 in Fighting
  3023 | D:4      | Reached skill level 5 in Armour
  3131 | D:4      | Found Fekhlem's Assorted Antiques.
  3210 | D:4      | Noticed Sigmund
  3238 | D:4      | Killed Sigmund
  3239 | D:4      | Reached XP level 7. HP: 54/61 MP: 6/6
  3609 | D:4      | Reached skill level 5 in Shields
  3609 | D:4      | Reached skill level 1 in Evocations
  4004 | D:2      | Killed Crazy Yiuf
  4151 | D:5      | Entered Level 5 of the Dungeon
  4183 | D:5      | Reached skill level 6 in Armour
  4347 | D:5      | Reached skill level 1 in Stealth
  4549 | D:7      | Found a staircase to the Ecumenical Temple.
  4558 | Temple   | Entered the Ecumenical Temple
  4596 | Temple   | Became a worshipper of Warmaster Okawaru
  4669 | D:7      | Reached XP level 8. HP: 64/69 MP: 7/7
  4866 | D:6      | Noticed a manticore
  4875 | D:6      | Killed a manticore
  4875 | D:6      | Reached * piety under Okawaru
  4876 | D:6      | Reached skill level 7 in Armour
  5085 | D:6      | Found a bloodstained altar of Trog.
  5687 | D:5      | Found a white marble altar of Elyvilon.
  6051 | D:6      | Found a blossoming altar of Fedhas.
  6074 | D:6      | Noticed an oklob plant
  6109 | D:6      | Found a stormy altar of Qazlal.
  6132 | D:6      | Reached XP level 9. HP: 52/75 MP: 8/8
  6146 | D:6      | Identified the +0 ring mail of Tebuh {rElec Int+4}
  6252 | D:6      | Found an opulent altar of Gozag.
  6284 | D:6      | Reached ** piety under Okawaru
  6596 | D:6      | Identified the +5 plate armour of Bufuosom {-Cast -Tele
                  | rN+++ SInv}
  6716 | D:6      | Found a sacrificial altar of Ru.
  6743 | D:6      | Reached skill level 8 in Armour
  6846 | D:7      | Found a runed translucent door.
  7075 | D:7      | Found a shimmering altar of Xom.
  7076 | D:7      | Found a shimmering altar of Xom.
  7076 | D:7      | Found a shimmering altar of Xom.
  7077 | D:7      | Found a shimmering altar of Xom.
  7351 | D:7      | Noticed a harpy
  7411 | D:7      | Found a shadowy altar of Dithmenos.
  7519 | D:7      | Noticed StikS32's ghost (novice MiFi)
  7630 | D:7      | Noticed a manticore
  7708 | D:8      | Reached skill level 10 in Long Blades
  7721 | D:8      | Reached *** piety under Okawaru
  7725 | D:8      | Reached skill level 9 in Armour
  7989 | D:8      | Reached XP level 10. HP: 14/86 MP: 7/9
  7998 | D:8      | Found a runed translucent gate.
  7998 | D:8      | Found a runed translucent gate.
  7998 | D:8      | Found a runed translucent gate.
  7998 | D:8      | Noticed a purple ugly thing
  7999 | D:8      | Noticed a white ugly thing
  8002 | D:8      | Noticed a white ugly thing
  8375 | D:8      | Reached skill level 10 in Armour
  8781 | D:8      | Reached **** piety under Okawaru
  8934 | D:8      | Found a hazy altar of Hepliaklqana.
  9496 | D:9      | Found a staircase to the Lair.
  9538 | D:10     | Entered Level 10 of the Dungeon
  9554 | D:10     | Found a flagged portal.
  9595 | Bailey   | Entered a bailey
  9711 | Bailey   | Found an iron altar of Okawaru.
 10282 | Bailey   | Identified the +5 quarterstaff "Coz Xitu" {flame, rN++
                  | Str+2 Dex+5}
 10406 | Bailey   | Reached ***** piety under Okawaru
 10682 | Bailey   | Reached skill level 11 in Armour
 10999 | D:10     | Noticed a two-headed ogre
 11016 | D:10     | Killed a two-headed ogre
 11017 | D:10     | Reached XP level 11. HP: 79/95 MP: 10/10
 11251 | D:9      | Found a burning altar of Makhleb.
 11251 | D:9      | Noticed a cacodemon
 11374 | D:9      | Found a shimmering blue altar of Sif Muna.
 11385 | D:9      | Found Pidghaf's Weapon Emporium.
 11999 | D:3      | Killed mrflibble's ghost
 12071 | D:4      | Bought a potion of might for 84 gold pieces
 12071 | D:4      | Bought a scroll labelled WOZUGE QUYZID for 21 gold pieces
 12508 | D:7      | Killed StikS32's ghost
 12508 | D:7      | Received a gift from Okawaru
 12886 | D:10     | Noticed a two-headed ogre
 12895 | D:10     | Killed a two-headed ogre
 13222 | D:10     | Found a staircase to the Orcish Mines.
 13425 | D:11     | Noticed a two-headed ogre
 13432 | D:11     | Killed a two-headed ogre
 13433 | D:11     | Reached skill level 12 in Armour
 13876 | D:11     | Reached skill level 10 in Fighting
 15333 | D:11     | Found a glowing silver altar of Zin.
 15495 | Lair:1   | Entered Level 1 of the Lair of Beasts
 15528 | Lair:1   | Reached XP level 12. HP: 88/107 MP: 11/11
 15878 | Lair:1   | Received a gift from Okawaru
 15880 | Lair:1   | Reached skill level 13 in Armour
 17078 | Lair:2   | Reached skill level 10 in Shields
 18382 | Lair:3   | Reached skill level 14 in Armour
 18602 | Lair:3   | Reached skill level 15 in Long Blades
 18776 | Lair:3   | Found a hole to the Spider Nest.
 18928 | Lair:3   | Noticed an eight-headed hydra
 18938 | Lair:3   | Killed an eight-headed hydra
 19154 | Lair:3   | Found a staircase to the Shoals.
 19165 | Lair:3   | Reached skill level 1 in Maces & Flails
 19646 | Lair:3   | Received a gift from Okawaru
 19796 | Lair:3   | Noticed a five-headed hydra
 19805 | Lair:3   | Killed a five-headed hydra
 19806 | Lair:3   | Reached XP level 13. HP: 85/119 MP: 9/12
 20791 | Lair:4   | Reached skill level 1 in Invocations
 21346 | Lair:4   | Reached skill level 15 in Armour
 21433 | Lair:4   | Found a snail-covered altar of Cheibriados.
 22209 | Lair:5   | Found a staircase to the Slime Pits.
 23097 | Lair:5   | Identified the ring "Deqelap" {rF+ rCorr Str+2}
 24371 | Orc:1    | Entered Level 1 of the Orcish Mines
 25281 | Orc:1    | Received a gift from Okawaru
 25403 | Orc:2    | Entered Level 2 of the Orcish Mines
 25421 | Orc:2    | Found a staircase to the Elven Halls.
 25685 | Orc:2    | Paralysed by an orc sorcerer for 5 turns
 25697 | Orc:2    | Reached skill level 16 in Armour
 25716 | Orc:2    | Paralysed by an orc sorcerer for 7 turns
 25724 | Orc:2    | HP: 4/123 [ice devil[an orc sorcerer] (11)]
 25724 | Orc:2    | Slain by an orc sorcerer

Illustrated notes

Levels and vault maps discovered:
D:1:      wheals_arrival_shading, layout_rooms
D:2:      layout_basic, dreamdust_ecumenical_altar_grove, basic_altar,
          lemuel_another_geyser, uniq_terence, uniq_robin,
          uniq_crazy_yiuf_cottage
D:3:      layout_basic, dk_yredelemnul_ordeal, gammafunk_ghost_mausoleum
D:4:      layout_loops_corners, serial_shops, shop, kennysheep_windowed_goal,
          uniq_sigmund
D:5:      layout_basic, mainiacjoe_overflow_concentric_impassable,
          minmay_misc_feat_room
D:6:      minmay_cornered_nines, layout_gridville, grunt_gozag_breadcrumbs,
          nicolae_ru_path_of_blood, nicolae_qazlal_eye_of_the_storm, tgw_fedhas,
          mainiacjoe_overflow_surrounded_room
D:7:      layout_cave_pools, nicolae_dithmenos_the_darkroom, xom_shifter_show,
          minmay_temple_entry_butterflies, ebering_ghost_reflecting_pool
D:8:      layout_loops_ring, nicolae_hepliaklqana_monster_ancestors,
          ploomutoo_gammafunk_ghost_potion_laboratory, st_stairs_1
D:9:      layout_big_octagon, mainiacjoe_overflow_six_doors_small,
          makhleb_altar_promises_db, serial_shops, nicolae_shop_waterfront
D:10:     layout_long_grid, orc_0_dummy, enter_bailey_6
D:11:     layout_layer_cave, minmay_misc_feat_iff, zin_treasury
Temple:   cyrus_temple_forest
Lair:1:   layout_gridlike, beast_lair_carwin_4
Lair:2:   layout_cave_pods
Lair:3:   layout_regular_city, elwin_shoals_entry_stream, spider_nest_entry_webs
Lair:4:   layout_gridlike, basic_altar, grunt_megastairs_1,
          serial_bayou_shore_a, infiniplex_staircase_pool_2
Lair:5:   layout_cave_pods, nicolae_slime_entry_slimehenge,
          chequers_serial_rivers_micro_b, st_stairs_12, beast_lair_carwin_1
Orc:1:    cheibrodos_orc_bank, layout_caves, serial_shops, gammafunk_ghost_smash
Orc:2:    st_orc_mages, layout_caves, basic_altar

Skill      XL: |  1  2  3  4  5  6  7  8  9 10 11 12 13 |
---------------+----------------------------------------+-----
Fighting       | 4 5 6 7 8 10 12 13 | 13.6
Shields        | 4 5 7 8 9 10 11 | 11.7
Armour         | 4 5 6 7 9 11 12 14 16 | 16.0
Long Blades    | 3 4 5 6 7 9 10 12 14 15 | 15.9
Dodging        | 1 2 3 4 |  4.8
Evocations     | 1 2 |  2.1
Stealth        | 1 |  1.7
Maces & Flails | 1 3 |  3.9
Invocations    | 1 |  1.0

Action                   |  1- 3 |  4- 6 |  7- 9 | 10-12 | 13-15 || total
-------------------------+-------+-------+-------+-------+-------++-------
Melee: Long sword        |    86 |    97 |   293 |    61 |       ||   537
       Headbutt          |    17 |    22 |    84 |   180 |   129 ||   432
       Scimitar          |       |       |       |   606 |   376 ||   982
       Whip              |       |       |       |    11 |    39 ||    50
Invok: Heroism           |       |       |     1 |     5 |     4 ||    10
Evoke: Wand              |       |    12 |       |     4 |     2 ||    18
  Use: Scroll            |     2 |       |     5 |    12 |     4 ||    23
       Potion            |       |       |       |     5 |    10 ||    15
Armor: Scale mail        |    72 |    48 |    13 |       |       ||   133
       Skin              |       |     4 |       |       |       ||     4
       Plate armour      |       |       |   168 |   411 |   304 ||   883
Dodge: Dodged            |    50 |    51 |   105 |   289 |   184 ||   679
Block: Buckler           |    20 |    17 |    88 |   209 |   170 ||   504

Table legend: (Time is in decaauts)
 A = Elapsed time spent in this place.
 B = Non-inter-level travel time spent in this place.
 C = Inter-level travel time spent in this place.
 D = Time resting spent in this place.
 E = Time spent auto-exploring this place.
 F = Levels seen in this place.
 G = Mean time per level.
                   A        B        C        D        E       F      G
               +--------+--------+--------+--------+--------+-----+--------+
         Total |  25497 |  24008 |   1489 |   1667 |  17368 |  20 | 1274.8 |
       Dungeon |  14362 |  13140 |   1222 |   1275 |   9000 |  11 | 1305.6 |
        Temple |     72 |     72 |      0 |      0 |      0 |   1 |   72.0 |
          Lair |   8678 |   8442 |    236 |    339 |   6861 |   5 | 1735.6 |
  Orcish Mines |   1011 |    981 |     30 |      0 |    571 |   2 |  505.5 |
        Bailey |   1372 |   1372 |      0 |     53 |    935 |   1 | 1372.0 |
               +--------+--------+--------+--------+--------+-----+--------+

Top non-repeatable levels by time:
    D:11: 2053 daAuts
  Lair:5: 1994 daAuts
  Lair:4: 1993 daAuts
     D:8: 1795 daAuts
     D:2: 1710 daAuts
  Lair:3: 1682 daAuts
  Lair:2: 1638 daAuts
     D:6: 1419 daAuts
     D:4: 1375 daAuts
  Bailey: 1372 daAuts
  Lair:1: 1369 daAuts
     D:5: 1317 daAuts
    D:10: 1180 daAuts
     D:7: 1071 daAuts
     D:3: 972 daAuts
